 Dungeon Crawl Stone Soup version 0.28.0-47-ge53b351184 (webtiles) character file.

Game seed: 7686972233087958652

2697 billz999 the Covert (level 9, 0/58 HPs)
             Began as a Vampire Earth Elementalist on Apr 28, 2022.
             Was an Initiate of Dithmenos.
             Succumbed to a killer bee's poison
             ... on level 8 of the Dungeon.
             The game lasted 00:15:15 (6086 turns).

billz999 the Covert (Vampire Earth Elementalist)    Turns: 6086, Time: 00:15:16

Health: 0/58       AC:  7    Str:  5 (7)  XL:     9   Next: 38%
Magic:  0/12       EV: 12    Int: 20 (22) God:    Dithmenos [......]
Gold:   293        SH:  0    Dex: 11 (14) Spells: 5/12 levels left

rFire   . . .      SeeInvis +   t - +2 short sword (elec)
rCold   . . .      Faith    .   (no shield)
rNeg    . . .      Spirit   .   b - +0 robe
rPois   .          Reflect  .   (no helmet)
rElec   .          Harm     .   v - +2 cloak
rCorr   .          Rampage  .   j - +1 pair of gloves
Will    .....                   (no boots)
Stlth   +++++.....              H - amulet of regeneration
HPRegen 1.19/turn               p - ring of wizardry
MPRegen 0.13/turn               y - ring of wizardry

@: lethally poisoned (0 -> -1), healing quickly
A: alive, fangs 3, see invisible, vampiric 2
a: Exsanguinate, Renounce Religion


You were on level 8 of the Dungeon.
You worshipped Dithmenos.
Dithmenos was noncommittal.
You visited 2 branches of the dungeon, and saw 9 of its levels.

You collected 293 gold pieces.

Inventory:

Hand Weapons
 g - a +0 spear
 i - a +0 short sword
 k - a +0 short sword
 l - a +0 dagger of electrocution
 t - a +2 short sword of electrocution (weapon)
Missiles
 c - 103 stones
 f - 6 silver javelins
 x - 25 poisoned darts
Armour
 b - a +0 robe (worn)
 j - a +1 pair of gloves (worn)
 v - a +2 cloak (worn)
Jewellery
 p - a ring of wizardry (left hand)
 y - a ring of wizardry (right hand)
 A - a ring of ice
 H - an amulet of regeneration (around neck)
 I - a ring of resist corrosion
 N - a ring of protection from fire
Wands
 J - a wand of acid (5)
Scrolls
 a - 5 scrolls of identify {unknown}
 n - 5 scrolls of immolation {unknown}
 r - 6 scrolls of teleportation {unknown}
 s - 3 scrolls of noise {unknown}
 w - a scroll of fear {unknown}
 z - a scroll of enchant weapon {unknown}
 C - a scroll of summoning {unknown}
 D - a scroll of silence {unknown}
 E - a scroll of magic mapping {unknown}
 F - a scroll of enchant armour {unknown}
 K - a scroll of torment {unknown}
 L - 2 scrolls of vulnerability {unknown}
 O - a scroll of blinking {unknown}
Potions
 d - a potion of mutation {unknown}
 e - a potion of degeneration
 h - a potion of resistance {unknown}
 o - a potion of lignification {unknown}
 q - a potion of might {unknown}
 u - a potion of brilliance {unknown}
 B - a potion of heal wounds {unknown}
 G - 3 potions of attraction {unknown}
 M - a potion of berserk rage {unknown}


   Skills:
 - Level 0.5 Fighting
 - Level 8.0 Short Blades
 - Level 0.5 Polearms
 - Level 2.1 Dodging
 + Level 14.5 Stealth
 - Level 1.0 Unarmed Combat
 - Level 2.0 Spellcasting
 - Level 5.0 Transmutations
 - Level 3.0 Earth Magic


You had 5 spell levels left.
You knew the following spells:

 Your Spells              Type           Power      Damage    Failure   Level
a - Sandblast             Erth           28%        2d8       1%          1
b - Ensorcelled Hibernat  Hex/Ice        4%         N/A       7%          2
c - Petrify               Tmut/Erth      18%        N/A       9%          4

Your spell library contained the following spells:

 Spells                   Type           Power      Damage    Failure   Level
 Beastly Appendage        Tmut           44%        N/A       1%          1
 Passwall                 Tmut/Erth      15%        N/A       1%          2
 Wereblood                Tmut           22%        N/A       1%          2
 Freeze                   Ice            8%         1d3       4%          1
 Spider Form              Tmut/Pois      12%        N/A       4%          3
 Stone Arrow              Conj/Erth      16%        3d8       7%          3
 Dazzling Flash           Conj/Hex       4%         N/A       13%         3
 Frozen Ramparts          Ice            4%         1d2       13%         3
 Ozocubu's Armour         Ice            2%         N/A       13%         3
 Anguish                  Hex/Necr       1%         N/A       36%         4
 Hailstorm                Conj/Ice       2%         3d3       36%         4
 Iskenderun's Mystic Bla  Conj/Tloc      2%         2d3       36%         4
 Starburst                Conj/Fire      1%         6d3       99%         6
 Ozocubu's Refrigeration  Ice            1%         4d5       100%        7


Dungeon Overview and Level Annotations

Branches:
Dungeon (8/15)             Temple (1/1) D:7
   Lair: D:8-11

Altars:
Ashenzari
Dithmenos
Elyvilon
Fedhas
Gozag
Hepliaklqana
Okawaru
Ru
Yredelemnul
The Shining One

Shops:
D:1 [   D:4 [


Innate Abilities, Weirdness & Mutations

Your natural rate of healing is accelerated.
You have razor-sharp teeth.
You have supernaturally acute eyesight. (SInv)
You are afflicted with vampirism and can become a bat while bloodless.


Message History

Aim: a killer bee (heavily wounded, 43% to hit)
The bolt of acid misses the killer bee. x2; The killer bee stings you!
* * * LOW HITPOINT WARNING * * *
The killer bee stings you.
* * * LOW HITPOINT WARNING * * *
You are poisoned.
The killer bee poisons you!
Aiming: Corrosive Bolt
Press: ? - help, Shift-Dir - straight line, f/p - killer bee
Aim: a killer bee (heavily wounded, 43% to hit)
The bolt of acid hits the killer bee!
The acid corrodes the killer bee!
You kill the killer bee!
Dithmenos accepts your kill.
The bolt of acid hits the killer bee!
You kill the killer bee!
Dithmenos accepts your kill.
You feel very sick.
Aiming: Corrosive Bolt
Press: ? - help, Shift-Dir - straight line, f - killer bee
Aim: a killer bee (43% to hit)
The bolt of acid hits the killer bee!
The acid corrodes the killer bee!
The killer bee is severely wounded.
You feel sick. The killer bee closely misses you. The killer bee stings you.
* * * LOW HITPOINT WARNING * * *
You are more poisoned.
The killer bee poisons you!
Casting: Sandblast (safe; 1% risk of failure)
Confirm with . or Enter, or press ? or * to list all spells.
Aiming: Sandblast (safe; 1% risk of failure)
Press: ? - help, Shift-Dir - straight line, f/p - killer bee
Aim: a killer bee (severely wounded, covered in acid, 58% to hit)
The blast of sand misses the killer bee.
You feel very sick.
The killer bee stings you but does no damage.
The killer bee stings you.
* * * LOW HITPOINT WARNING * * *
It was a potion of degeneration.
There was something very wrong with that liquid.
You feel weakened.
You feel dopey.
You feel clumsy.
You die...

.#.# #....).##.#
.#.#####.....)##.#############
.#...........).)..<.)........#
...#.#######..##.#############
.#.#.# ##.##.# .<...# #..#.#
####.# ##.#.# ### #.#.# #)#@#
#.#y# #...# ##..# #..# #..#
#..# ##########..#
#....†.y...>#


You could see a killer bee (corroded).

Vanquished Creatures
  Prince Ribbit (D:7)
  4 water moccasins
  A black bear (D:5)
  An orc warrior (D:6)
  An ice beast (D:7)
  4 sky beasts
  2 centaurs
  A phantom (D:6)
  A kobold brigand (D:8)
  A water moccasin zombie (D:6)
  2 wyvern skeletons
  5 killer bees (D:8)
  A howler monkey (D:6)
  A wight (D:7)
  A centaur zombie (D:6)
  3 hounds (D:5)
  A gnoll shaman (D:5)
  3 jellies
  Natasha (twice) (D:2)
  3 iguanas
  2 orc wizards
  Robin (D:2)
  4 gnolls (D:5)
  6 adders
  2 white imps
  An ufetubus (D:4)
  An adder skeleton (D:4)
  6 dart slugs
  15 orcs
  4 ball pythons
  2 bats (D:1)
  7 endoplasms
  2 giant cockroaches (D:4)
  10 goblins
  7 hobgoblins
  6 jackals
  16 kobolds
  2 quokkas (D:2)
  14 frilled lizards
  7 rats
154 creatures vanquished.

Vanquished Creatures (others)
  7 plants (D:1)
7 creatures vanquished.

Grand Total: 161 creatures vanquished

Notes
Turn   | Place    | Note
-------+----------+-------------------------------------------
     0 | D:1      | billz999 the Vampire Earth Elementalist began the quest for
                  | the Orb.
     0 | D:1      | Reached XP level 1. HP: 13/13 MP: 3/3
    18 | D:1      | Found Hiezoinide's Armour Shoppe.
   273 | D:1      | Reached skill level 4 in Stealth
   273 | D:1      | Reached XP level 2. HP: 19/19 MP: 5/5
   531 | D:1      | Reached skill level 1 in Unarmed Combat
   813 | D:2      | Gained mutation: You are afflicted with vampirism and can
                  | become a bat while bloodless. [Vampire growth]
   813 | D:2      | Reached XP level 3. HP: 25/25 MP: 6/6
  1113 | D:2      | You fall into a shaft and drop 2 floors!
  1121 | D:3      | Found a broken altar of Ashenzari.
  1123 | D:3      | Found a faded altar of an unknown god.
  1191 | D:4      | Reached skill level 1 in Short Blades
  1191 | D:4      | Reached skill level 5 in Stealth
  1726 | D:3      | Reached XP level 4. HP: 31/31 MP: 7/7
  1888 | D:2      | Noticed Natasha
  1900 | D:2      | Killed Natasha
  2065 | D:2      | Noticed Robin
  2076 | D:2      | Reached skill level 6 in Stealth
  2159 | D:2      | Killed Robin
  2277 | D:2      | Noticed Natasha
  2293 | D:2      | Reached XP level 5. HP: 36/36 MP: 8/8
  2376 | D:2      | Killed Natasha
  2736 | D:4      | Found a blossoming altar of Fedhas.
  2982 | D:4      | Found Xoohus's Armour Shop.
  3030 | D:4      | Reached skill level 7 in Stealth
  3453 | D:5      | Entered Level 5 of the Dungeon
  3479 | D:5      | Noticed a black bear
  3497 | D:5      | Killed a black bear
  3498 | D:5      | Reached XP level 6. HP: 34/42 MP: 9/9
  3622 | D:5      | Learned a level 2 spell: Ensorcelled Hibernation
  3626 | D:5      | Reached skill level 8 in Stealth
  3679 | D:5      | Noticed a sky beast
  3682 | D:5      | Killed a sky beast
  3797 | D:5      | Reached skill level 5 in Short Blades
  3797 | D:5      | Reached XP level 7. HP: 47/47 MP: 10/10
  4118 | D:5      | Reached skill level 9 in Stealth
  4519 | D:6      | Reached skill level 10 in Stealth
  4531 | D:6      | Reached XP level 8. HP: 53/53 MP: 11/11
  4682 | D:6      | Reached skill level 11 in Stealth
  5145 | D:6      | Learned a level 4 spell: Petrify
  5172 | D:7      | Found a staircase to the Ecumenical Temple.
  5190 | D:7      | Reached skill level 12 in Stealth
  5422 | D:7      | Reached XP level 9. HP: 45/58 MP: 4/12
  5429 | D:7      | Reached skill level 13 in Stealth
  5436 | Temple   | Entered the Ecumenical Temple
  5450 | Temple   | Became a worshipper of Dithmenos the Shadowed
  5468 | D:7      | Noticed Prince Ribbit
  5653 | D:7      | Killed Prince Ribbit
  5743 | D:8      | Reached skill level 5 in Transmutations
  6059 | D:8      | Reached skill level 14 in Stealth
  6085 | D:8      | HP: 1/58 [killer bee (4)]
  6086 | D:8      | Succumbed to a killer bee's poison

Illustrated notes

Levels and vault maps discovered:
D:1:      scummos_arrival_simple_fountains, layout_basic, serial_shops,
          nicolae_shop_waterfront, minmay_lizard_king
D:2:      layout_basic, uniq_robin, uniq_natasha
D:3:      layout_basic, nicolae_overflow_ecumenical_swirl
D:4:      layout_layer_cave, mainiacjoe_overflow_concentric_impassable,
          serial_glass, glass_columns_a, glass_columns_b, serial_shops,
          kennysheep_mini, hangedman_abyss_or_decor_slice, minmay_puff
D:5:      layout_basic
D:6:      layout_rooms
D:7:      layout_basic, gammafunk_temple_overflow_claw,
          minmay_temple_entry_offerings, minmay_holes, minmay_bent,
          uniq_prince_ribbit1
D:8:      layout_basic, zin_scriptorium, minmay_between
Temple:   eino_narrow_crystal_temple

Skill      XL: |  1  2  3  4  5  6  7  8  9 |
---------------+----------------------------+-----
Stealth        | 4 5 6 7 8 10 12 14 | 14.5
Unarmed Combat | 1 |  1.0
Short Blades   | 1 2 4 5 6 8 |  8.0
Transmutations | 3 5 |  5.0
Fighting       | |  0.5
Polearms       | |  0.5
Dodging        | |  2.1
Spellcasting   | |  2.0
Earth Magic    | |  3.0

Action                   |  1- 3 |  4- 6 |  7- 9 || total
-------------------------+-------+-------+-------++-------
Melee: Spear             |    54 |       |       ||    54
       Unarmed           |    12 |       |       ||    12
       Bite              |    11 |    18 |    10 ||    39
       Short sword       |    72 |   156 |   134 ||   362
       Punch             |     1 |     2 |     1 ||     4
 Cast: Sandblast         |    10 |     2 |     7 ||    19
       Ensorcelled Hiber |       |       |    33 ||    33
       Petrify           |       |       |    13 ||    13
Evoke: Wand              |       |       |     3 ||     3
  Use: Potion            |       |       |     3 ||     3
 Stab: Sleeping          |    15 |     8 |    26 ||    49
       Distracted        |     1 |       |     1 ||     2
       Petrifying        |       |       |     2 ||     2
       Petrified         |       |       |     3 ||     3
Armor: Robe              |    20 |    55 |    53 ||   128
Dodge: Dodged            |    77 |    82 |    79 ||   238
